Map: Dusk Towers

Players

RageWind

  • Race: Protoss Protoss
  • League: Diamond

LilDicky - Winner!

  • Race: Terran Terran
  • League: Diamond

VOD

http://www.twitch.tv/tumescentpie

Description

Time

  • Played on: Nov. 28, 2015, 12:17 a.m.
  • Length: 3:52
Show
View Real Time Build Order
Export as new Build Order

RageWind Protoss 

Build Orders: 1 Gate Expand, Dark Templar Rush 

Get SALT Encoding   

  12  0:01  Probe (Chrono Boost)  
  13  0:12  Probe (Chrono Boost)  
  14  0:22  Pylon  
  14  0:24  Probe (Chrono Boost)  
  15  0:41  Probe (Chrono Boost), Gateway  
  16  0:44  Assimilator  
  16  0:51  Probe (Chrono Boost)  
  17  1:02  Probe (Chrono Boost)  
  18  1:12  Probe (Chrono Boost)  
  19  1:23  Probe (Chrono Boost)  
  20  1:28  Cybernetics Core  
  20  1:34  Probe (Chrono Boost)  
  21  1:42  Nexus  
  21  1:50  Probe (Chrono Boost)  
  22  2:00  Probe (Chrono Boost)  
  23  2:05  Twilight Council  
  23  2:14  Pylon  
  23  2:22  Assimilator  
  23  2:31  Stalker  
  23  2:32  Probe, Pylon  
  26  2:44  Probe  
  27  2:56  Probe  
  30  3:05  Dark Shrine  
  28  3:07  Gateway  
  26  3:38  Probe  
Show
View Real Time Build Order
Export as new Build Order

LilDicky Terran - Winner!

Build Orders:  

Get SALT Encoding   

  12  0:01  SCV  
  13  0:13  SCV  
  14  0:18  Supply Depot  
  14  0:25  SCV  
  15  0:33  Refinery  
  15  0:39  SCV  
  16  0:46  Barracks  
  16  0:51  SCV  
  17  1:03  SCV  
  18  1:15  SCV  
  19  1:28  SCV  
  20  1:35  Factory  
  20  1:37  Marine  
  20  1:38  Supply Depot  
  21  1:40  Orbital Command  
  21  1:54  Marine  
  22  2:03  Barracks  
  22  2:07  Barracks  
  22  2:19  Barracks Reactor  
  22  2:24  SCV  
  23  2:35  Refinery  
  23  2:36  SCV  
  24  2:40  Widow Mine  
  26  2:48  SCV  
  26  2:51  Barracks Tech Lab  
  27  2:54  Barracks Tech Lab  
  27  2:57  Supply Depot  
  27  3:00  SCV  
  28  3:08  Widow Mine  
  28  3:12  SCV  
  31  3:24  SCV  
  31  3:25  Marine x2  
  31  3:26  Marine x2  
  36  3:28  Supply Depot  
  36  3:36  SCV  
Tags
 
Add a new tag
Caveats
  • Supply blocks, unpowered buildings, or Contaminate may cause inaccurate times.
  • Supply counts are checked every 10 seconds.